 Dungeon Crawl Stone Soup version 0.24-a0-258-gb86c0f735e (webtiles) character file.

Game seed: 3356126231224860957

156 Redear the Magician (level 5, -3/35 HPs)
             Began as a Mummy Earth Elementalist on Apr 19, 2019.
             Slain by Natasha (8 damage)
             ... on level 2 of the Dungeon.
             The game lasted 00:07:58 (2906 turns).

Redear the Magician (Mummy Earth Elementalist)      Turns: 2906, Time: 00:07:59

Health: -3/35      AC:  2    Str: 11    XL:     5   Next: 15%
Magic:  2/12       EV: 12    Int: 15    God:
Gold:   100        SH:  0    Dex: 13    Spells: 10/14 levels left

rFire    x . .     SeeInvis .   (no weapon)
rCold    + . .     Gourm    .   (no shield)
rNeg     + + +     Faith    .   c - +0 robe
rPois    ∞         Spirit   .   (no helmet)
rElec    .         Reflect  .   (no cloak)
rCorr    .         Harm     .   (no gloves)
MR       .....                  (no boots)
Stlth    ++........             (no amulet)
HPRegen  0.11/turn              e - ring of positive energy {rN+}
MPRegen  0.13/turn              (no ring)

@: about to teleport, slowed, very slow
A: no food or potions, fire vulnerability, cold resistance 1, negative energy
resistance 3, torment resistance, unbreathing
a: no special abilities


You were on level 2 of the Dungeon.
You were not hungry.

You visited 1 branch of the dungeon, and saw 3 of its levels.

You collected 100 gold pieces.

Inventory:

Armour
 a - a +0 buckler
 c - a +0 robe (worn)
 f - a +0 cloak
 i - a +0 shield
Jewellery
 e - a ring of positive energy (left hand) {rN+}
Scrolls
 d - a scroll of amnesia
 j - a scroll of noise
 R - 3 scrolls of identify


   Skills:
 - Level 1.5 Dodging
 - Level 1.5 Stealth
 + Level 5.0 Spellcasting
   Level 0.7 Transmutations
 + Level 3.8 Earth Magic


You had 10 spell levels left.
You knew the following spells:

 Your Spells              Type           Power        Failure   Level  Hunger
a - Sandblast             Erth           ###...       3%          1    N/A
b - Stone Arrow           Conj/Erth      #.....       22%         3    N/A

Your spell library contained the following spells:

 Spells                   Type           Power        Failure   Level  Hunger
 Passwall                 Tmut/Erth      ##......     10%         2    N/A
 Petrify                  Tmut/Erth      ##......     54%         4    N/A
 Lee's Rapid Deconstruct  Erth           ###.......   67%         5    N/A

Dungeon Overview and Level Annotations

Branches:
Dungeon (3/15)

Altars:

Annotations:
D:2 Natasha


Innate Abilities, Weirdness & Mutations

You do not eat or drink.
Your flesh is vulnerable to fire.
You are immune to poison.
Your flesh is cold resistant. (rC+)
You are immune to negative energy. (rN+++)
You are immune to unholy pain and torment.
You can survive without breathing.


Message History

Your magical contamination has completely faded away.
You take 5 damage, and have 9/35 hp.
Casting: Sandblast (safe; 3% risk of failure)
Confirm with . or Enter, or press ? or * to list all spells.
Aiming: Sandblast (safe; 3% risk of failure)
Press: ? - help, Shift-Dir - straight line, f/p - Natasha
Aim: Natasha (heavily wounded)
Okay, then.
Unknown command.
You can't drink.
Unknown command.
As you read the scroll labeled GAN OPROISKAO, it crumbles to dust.
You feel strangely unstable.
It was a scroll of teleportation.
Natasha stares at you and mumbles some strange words.
The magic dart hits you.
* * * LOW HITPOINT WARNING * * *
Natasha barely misses you.
You take 5 damage, and have 4/35 hp.
Natasha claws you!
You die...

###># #......# ..#.#
#...##.# #.#.# #...##.#
#.#.# #...##.# #.#.#
#..<##.# ..#.# ####..###.#
###.# #...(...#.#
###.##############.#####.#.#
..............)h@#.# #.#.#
#.###....##.######.# #...#
#.#.........# #.# #####
#.#.#.#...### #.#######
#.#.#.#...#### #.......#
#............#
#######.########
###.......##.# #.#..†....
###........#.# #.#.####.#
.......##..#.# #.#.# #.#


You could see Natasha.

Vanquished Creatures
  7 adders (D:2)
  3 oozes
  A worm (D:2)
  2 dart slugs
  A leopard gecko (D:2)
  5 orcs
  5 bats
  4 giant cockroaches
  5 hobgoblins
  2 jackals (D:3)
  7 kobolds
  2 quokkas (D:3)
  A ball python (D:2)
  7 frilled lizards
  8 goblins
  8 rats
68 creatures vanquished.

Notes
Turn   | Place    | Note
-------+----------+-------------------------------------------
     0 | D:1      | Redear the Mummy Earth Elementalist began the quest for the
                  | Orb.
     0 | D:1      | Reached XP level 1. HP: 13/13 MP: 4/4
    71 | D:1      | Reached skill level 3 in Spellcasting
    77 | D:1      | Reached XP level 2. HP: 16/19 MP: 1/6
   425 | D:1      | Reached skill level 3 in Earth Magic
   569 | D:2      | Reached XP level 3. HP: 24/24 MP: 5/8
   651 | D:2      | Reached skill level 4 in Spellcasting
   945 | D:2      | Reached XP level 4. HP: 30/30 MP: 7/10
  1365 | D:2      | Learned a level 3 spell: Stone Arrow
  1925 | D:3      | Reached XP level 5. HP: 35/35 MP: 4/12
  2221 | D:3      | Noticed Natasha
  2223 | D:3      | Reached skill level 5 in Spellcasting
  2906 | D:2      | Slain by Natasha

Levels and vault maps discovered:
D:1:      dpeg_arrival_refuge, layout_rooms
D:2:      layout_basic
D:3:      kennysheep_goblin_castle, layout_rooms, evilmike_ruin_ashenzari,
          uniq_natasha

Skill      XL: |  1  2  3  4  5 |
---------------+----------------+-----
Spellcasting   | 3 4 5 |  5.0
Earth Magic    | 3 |  3.8
Dodging        | |  1.5
Stealth        | |  1.5
Transmutations | |  0.7

Action                   |  1- 3 |  4- 6 || total
-------------------------+-------+-------++-------
Melee: Unarmed           |    46 |    25 ||    71
 Cast: Sandblast         |    50 |    23 ||    73
       Stone Arrow       |       |    31 ||    31
  Use: Scroll            |       |     4 ||     4
Armor: Robe              |    29 |    17 ||    46
Dodge: Dodged            |    77 |    54 ||   131

Table legend:
 A = Non-vault XP
 B = Vault XP
 C = Vault XP percentage of total XP
 D = Non-vault monster count
 E = Vault monster count
 F = Vault count percentage of total count
                 A         B        C        D         E       F
            +---------+---------+-------+---------+---------+-------
      Total |     220 |       4 |   1.8 |      66 |       2 |   2.9
            +---------+---------+-------+---------+---------+-------
        D:1 |      40 |       0 |   0.0 |      20 |       0 |   0.0
        D:2 |     153 |       0 |   0.0 |      31 |       0 |   0.0
        D:3 |      27 |       4 |  12.9 |      15 |       2 |  11.8
            +---------+---------+-------+---------+---------+-------
